 Dungeon Crawl Stone Soup version 0.31-a0-175-g9f7f995f2b (webtiles) character file.

Game seed: 11712160970234698916

1757 qw the Cleaver (level 9, -3/55 HPs)
             Began as a Gargoyle Fighter on June 16, 2023.
             Was an Initiate of Okawaru.
             Slain by a two-headed ogre
             ... wielding a +0 giant club
              (13 damage)
             ... on level 7 of the Dungeon.
             The game lasted 00:02:44 (5840 turns).

qw the Cleaver (Gargoyle Fighter)                   Turns: 5840, Time: 00:02:44

Health: -3/55      AC: 21    Str: 24    XL:     9   Next: 6%
Magic:  9/9        EV:  7    Int:  9    God:    Okawaru [......]
Gold:   381        SH:  4    Dex: 12    Spells: 8/8 levels left

rFire   . . .        v - +4 war axe "Zuacwuti" {heavy, Will+ Dex+3}
rCold   + . .        c - +0 buckler
rNeg    + . .        j - +0 plate armour
rPois   inf          (no helmet)
rElec   +            (no cloak)
rCorr   .            w - +1 pair of gloves
SInv    .            (no boots)
Will    +....        p - amulet of faith Stlth
                     f - ring of protection from cold
HPRegen 0.29/turn    s - +4 ring of slaying {mikee}
MPRegen 0.11/turn

%: faith
@: about to teleport
A: sickness immunity, AC +6, negative energy resistance 1, electricity
resistance, torment resistance 1, petrification resistance
a: Renounce Religion


You were on level 7 of the Dungeon.
You worshipped Okawaru.
Okawaru was noncommittal.
You visited 2 branches of the dungeon, and saw 9 of its levels.

You collected 568 gold pieces.
You spent 187 gold pieces at shops.


Innate Abilities, Weirdness & Mutations

You are immune to sickness and miasma.
Your stone body is resilient. (AC +6)
You are immune to poison.
You resist negative energy. (rN+)
You are resistant to electric shocks. (rElec)
You are resistant to unholy torment.
You are immune to petrification.


   Skills:
 - Level 6.1 Fighting
 + Level 8.7 Axes
 - Level 5.2 Armour
 - Level 1.6 Dodging
 - Level 3.2 Shields


You had 8 spell levels left.
You didn't know any spells.
Your spell library was empty.

Inventory:

Hand Weapons
 i - a +5 war axe of electrocution
 r - a +0 flail
 v - the +4 war axe "Zuacwuti" (weapon) {heavy, Will+ Dex+3}
   (You found it on level 7 of the Dungeon)

   Dex:       It affects your dexterity (+3).
   Will:      It increases your willpower.
Armour
 c - a +0 buckler (worn)
 j - a +0 plate armour (worn)
 w - a +1 pair of gloves (worn)
Jewellery
 f - a ring of protection from cold (left hand)
 g - an amulet of reflection
 p - an amulet of faith (around neck)
 s - a +4 ring of slaying (right hand) {mikee}
 u - a ring of protection from cold
Scrolls
 h - a scroll of identify
 o - 2 scrolls of teleportation
Potions
 a - a potion of attraction
 b - a potion of cancellation
 d - a potion of might
 k - a potion of haste {unknown}
 m - a potion of curing
 n - a potion of degeneration {unknown}
 q - a potion of enlightenment {unknown}
 t - a potion of lignification {unknown}

Dungeon Overview and Level Annotations

Branches:
Dungeon (8/15)             Temple (1/1) D:7
   Lair: D:8-11

Altars:
Ashenzari
Cheibriados
Dithmenos
Elyvilon
Fedhas
Gozag
Hepliaklqana
Kikubaaqudgha
Makhleb
Nemelex Xobeh
Okawaru
Qazlal
Ru
Sif Muna
Trog
Uskayaw
Vehumet
Wu Jian
Xom
Yredelemnul
Zin
The Shining One

Shops:
D:2 (   D:3 :   D:5 ((?

Annotations:
D:8 Pikel


Message History

There is a stone staircase leading up here.
5770 ||| STAIRDANCE You climb upwards.
There is a stone staircase leading down here.
You start resting.
HP restored.
Done exploring.
(D) Dungeon (T) Temple
Where to? (* - list waypoints, Enter - D:8, ? - help)
What level of the Dungeon? (default 1, ? - help)
You climb downwards.
Level annotation: Pikel You block the two-headed ogre's attack.
The two-headed ogre hits you but does no damage.
You block the orc's attack.
There is a stone staircase leading up here.
You slash the two-headed ogre!
The two-headed ogre is moderately wounded.
You hit the orc. The orc barely misses you.
The two-headed ogre hits you with a +0 giant club!!
The two-headed ogre barely misses you. The orc closely misses you.
5836 ||| STAIRDANCE The two-headed ogre barely misses you. x2; The orc barely misses you.
You climb upwards.
There is a stone staircase leading down here.
You slash the two-headed ogre!
The two-headed ogre is moderately wounded.
You slice the orc!!
You kill the orc!
Okawaru accepts your kill.
The two-headed ogre hits you with a +0 giant club!!
The two-headed ogre hits you with a +0 giant spiked club.
5839 ||| READING 3 scrolls of teleportation.
As you read the scroll of teleportation, it crumbles to dust.
You feel strangely unstable.
You slice the two-headed ogre!!
The two-headed ogre is almost dead.
The two-headed ogre hits you with a +0 giant club!
You die...

...# ...# #..## ##..#
#...# ######### ....#
#.......# ....#
#.#####.#
...)##########.#####.#
...+...........)@....#
...###########...O.###
######### ###.#.#
........# #.#.#
........########.#.#
.................#.#
.........#######.#.#
.....#.#.#.......#.#
.........#.#####.#.#


You could see a two-headed ogre.

Vanquished Creatures
  A steam dragon (D:6)
  2 orc warriors (D:5)
  An ice beast (D:5)
  A centaur (D:5)
  A lemure (D:8)
  An ogre (D:5)
  4 bullfrogs
  5 wights (D:7)
  3 howler monkeys (D:7)
  A hound (D:5)
  3 orc priests
  A gnoll bouda (D:5)
  5 orc wizards
  2 iguanas
  3 gnolls (D:5)
  8 adders
  2 shadow imps
  An ufetubus (D:7)
  3 worms
  2 dart slugs (D:2)
  18 orcs
  6 ball pythons
  6 bats
  8 endoplasms
  A giant cockroach (D:3)
  6 goblins
  10 hobgoblins
  5 jackals
  3 quokkas
  2 frilled lizards (D:1)
  7 kobolds
  2 rats
124 creatures vanquished.

Notes
Turn   | Place    | Note
-------+----------+-------------------------------------------
     0 | D:1      | qw the Gargoyle Fighter began the quest for the Orb.
     0 | D:1      | Reached XP level 1. HP: 14/14 MP: 1/1
     0 | D:1      | 0 ||| qw: Version: 0.2-a-29-g511e9b1
     0 | D:1      | 0 ||| qw: Game counter: 5902
     0 | D:1      | 0 ||| qw: Always use a shield: true
     0 | D:1      | 0 ||| qw: God list: Okawaru
     0 | D:1      | 0 ||| qw: Allow faded altars: false
     0 | D:1      | 0 ||| qw: Do Orc after D:15 true
     0 | D:1      | 0 ||| qw: Do second Lair branch before Depths: true
     0 | D:1      | 0 ||| qw: Lair rune preference: random
     0 | D:1      | 0 ||| qw: Plans: Normal, Zot:1-4, Slime:5, God:TSO, Crypt,
                  | Tomb, Abyss, Pan, Hells, Win
     0 | D:1      | 0 ||| PLANNING D:1-11
    45 | D:1      | You fall into a shaft and drop 1 floor!
    86 | D:2      | Reached skill level 2 in Axes
   114 | D:2      | Reached XP level 2. HP: 11/19 MP: 2/2
   157 | D:2      | Reached skill level 3 in Axes
   157 | D:2      | Reached XP level 3. HP: 20/23 MP: 3/3
   214 | D:2      | 214 ||| UPGRADING to amulet of guardian spirit.
   219 | D:2      | 219 ||| READING scroll labelled EROCEE QEOSA.
   224 | D:2      | 224 ||| STAIRDANCE
   925 | D:1      | 925 ||| UPGRADING to ring of protection from cold.
   926 | D:1      | 926 ||| READING scroll labelled WOKOCV TIEKLELL.
   927 | D:1      | 927 ||| READING scroll labelled SAUTYO WONISY.
   928 | D:1      | 928 ||| READING scroll labelled VEICHETHRUPH.
   974 | D:2      | Reached XP level 4. HP: 28/28 MP: 4/4
  1020 | D:2      | 1020 ||| Stepping ~*~*~tactically~*~*~ (hiding).
  1024 | D:2      | 1024 ||| Stepping ~*~*~tactically~*~*~ (stealth).
  1028 | D:2      | Reached skill level 4 in Axes
  1034 | D:2      | 1034 ||| Stepping ~*~*~tactically~*~*~ (stealth).
  1136 | D:2      | Found Veinwom's Weapon Emporium.
  1228 | D:2      | 1228 ||| Stepping ~*~*~tactically~*~*~ (stealth).
  1251 | D:2      | 1251 ||| DROPPING +0 club.
  1624 | D:2      | 1624 ||| UPGRADING to +0 pair of gloves.
  1629 | D:2      | 1629 ||| UPGRADING to amulet of reflection.
  1639 | D:2      | 1639 ||| DROPPING amulet of guardian spirit.
  1640 | D:2      | 1640 ||| READING scroll labelled GAJOBAOFAG.
  1675 | D:3      | Found Teyka's Book Shoppe.
  1739 | D:3      | Reached XP level 5. HP: 32/32 MP: 5/5
  1743 | D:3      | 1743 ||| Stepping ~*~*~tactically~*~*~ (stealth).
  1758 | D:3      | 1758 ||| DROPPING +0 whip.
  2225 | D:3      | 2225 ||| Stepping ~*~*~tactically~*~*~ (stealth).
  2226 | D:3      | 2226 ||| Stepping ~*~*~tactically~*~*~ (stealth).
  2325 | D:3      | 2325 ||| UPGRADING to amulet of faith.
  2335 | D:3      | 2335 ||| READING scroll labelled CUOTETZEST.
  2336 | D:3      | 2336 ||| DRINKING 2 dark potions.
  2337 | D:3      | 2337 ||| DRINKING 2 clear potions.
  2525 | D:4      | Reached skill level 5 in Axes
  2740 | D:4      | 2740 ||| Stepping ~*~*~tactically~*~*~ (hiding).
  3069 | D:4      | 3069 ||| READING scroll labelled ISENGU XOJIGH.
  3069 | D:4      | Identified a scroll of acquirement
  3069 | D:4      | 3069 ||| ACQUIRING +4 war axe of electrocution
  3069 | D:4      | Acquired a +4 war axe of electrocution
  3071 | D:4      | 3071 ||| UPGRADING to +4 war axe of electrocution.
  3072 | D:4      | 3072 ||| DROPPING +1 war axe.
  3073 | D:4      | 3073 ||| READING scroll labelled RYUCKI WAOGUPRIDGH.
  3074 | D:4      | 3074 ||| READING scroll labelled XAIMYH PAAC.
  3121 | D:5      | Entered Level 5 of the Dungeon
  3121 | D:5      | Noticed an orc warrior
  3122 | D:5      | 3122 ||| Stepping ~*~*~tactically~*~*~ (hiding).
  3129 | D:5      | Killed an orc warrior
  3130 | D:5      | Reached XP level 6. HP: 35/39 MP: 6/6
  3149 | D:5      | Reached skill level 1 in Dodging
  3190 | D:5      | 3190 ||| Stepping ~*~*~tactically~*~*~ (stealth).
  3212 | D:5      | Noticed an orc warrior
  3213 | D:5      | 3213 ||| Stepping ~*~*~tactically~*~*~ (stealth).
  3215 | D:5      | 3215 ||| Stepping ~*~*~tactically~*~*~ (hiding).
  3227 | D:5      | Killed an orc warrior
  3228 | D:5      | Reached XP level 7. HP: 14/44 MP: 7/7
  3228 | D:5      | 3228 ||| FLEEEEING.
  3264 | D:5      | 3264 ||| FLEEEEING.
  3265 | D:5      | 3265 ||| FLEEEEING.
  3269 | D:5      | 3269 ||| STAIRDANCE
  3337 | D:4      | 3337 ||| UPGRADING to +0 plate armour.
  3347 | D:4      | 3347 ||| DROPPING +0 scale mail.
  3390 | D:5      | 3390 ||| Stepping ~*~*~tactically~*~*~ (stealth).
  3391 | D:5      | 3391 ||| Stepping ~*~*~tactically~*~*~ (stealth).
  3392 | D:5      | 3392 ||| Stepping ~*~*~tactically~*~*~ (stealth).
  3393 | D:5      | 3393 ||| Stepping ~*~*~tactically~*~*~ (stealth).
  3402 | D:5      | Found Taush's Magic Scroll Shoppe.
  3408 | D:5      | 3408 ||| SHOPLISTING scroll of acquirement (780 gold, have
                  | 315).
  3408 | D:5      | 3408 ||| BUYING scroll of enchant weapon (112 gold).
  3408 | D:5      | Bought a scroll of enchant weapon for 112 gold pieces
  3408 | D:5      | 3408 ||| BUYING scroll of identify (30 gold).
  3408 | D:5      | Bought a scroll of identify for 30 gold pieces
  3408 | D:5      | 3408 ||| BUYING scroll of teleportation (45 gold).
  3408 | D:5      | Bought a scroll of teleportation for 45 gold pieces
  3408 | D:5      | 3408 ||| READING scroll of enchant weapon.
  3408 | D:5      | 3408 ||| ENCHANTING +4 war axe of electrocution.
  3501 | D:5      | Found a burning altar of Makhleb.
  3639 | D:5      | 3639 ||| Stepping ~*~*~tactically~*~*~ (stealth).
  3640 | D:5      | 3640 ||| DROPPING +0 mace.
  3646 | D:5      | Reached skill level 6 in Axes
  3752 | D:5      | Found Dodwa's Antique Weapon Shoppe.
  3794 | D:5      | 3794 ||| SHOPLISTING smoking war axe (229 gold, have 178).
  3818 | D:5      | Found Feimewoa's Weapon Shoppe.
  3861 | D:5      | Reached skill level 7 in Axes
  3861 | D:5      | Reached XP level 8. HP: 33/48 MP: 8/8
  4120 | D:5      | 4120 ||| READING scroll labelled ZALAOS NAALLUG.
  4121 | D:5      | 4121 ||| READING 2 scrolls of identify.
  4121 | D:5      | 4121 ||| IDENTIFYING grey potion
  4122 | D:5      | 4122 ||| DROPPING potion of brilliance.
  4138 | D:6      | Found an ornate altar of the Wu Jian Council.
  4289 | D:6      | Found a shimmering altar of Xom.
  4369 | D:6      | Found a bloodstained altar of Trog.
  4872 | D:6      | 4872 ||| UPGRADING to +4 ring of slaying {mikee}.
  4873 | D:6      | 4873 ||| READING scroll labelled JEMUIMM GOSA.
  4874 | D:6      | 4874 ||| READING 2 scrolls of identify.
  4874 | D:6      | 4874 ||| IDENTIFYING bubbling purple potion
  4964 | D:7      | Reached skill level 8 in Axes
  4993 | D:7      | 4993 ||| Stepping ~*~*~tactically~*~*~ (hiding).
  4994 | D:7      | 4994 ||| Stepping ~*~*~tactically~*~*~ (hiding).
  5085 | D:7      | Reached skill level 6 in Fighting
  5117 | D:7      | Identified the +4 war axe "Zuacwuti" {heavy, Will+ Dex+3}
  5119 | D:7      | 5119 ||| UPGRADING to +4 war axe "Zuacwuti" {heavy, Will+
                  | Dex+3}.
  5261 | D:7      | 5261 ||| Stepping ~*~*~tactically~*~*~ (hiding).
  5314 | D:7      | Reached XP level 9. HP: 55/55 MP: 9/9
  5325 | D:7      | Found a staircase to the Ecumenical Temple.
  5326 | D:7      | 5326 ||| PLANNING TEMPLE
  5326 | D:7      | 5326 ||| UPGRADING to +1 pair of gloves.
  5336 | D:7      | 5336 ||| DROPPING +0 pair of gloves.
  5337 | D:7      | 5337 ||| DROPPING ring of ice.
  5338 | D:7      | 5338 ||| READING scroll labelled INEYXE BOMUL.
  5347 | Temple   | Entered the Ecumenical Temple
  5348 | Temple   | 5348 ||| PLANNING OKAWARU WORSHIP
  5411 | Temple   | Became a worshipper of Warmaster Okawaru
  5412 | Temple   | 5412 ||| PLANNING D:1-11
  5427 | D:7      | Identified the +4 scimitar "Yjong" {freeze, Str+3 Dex+5}
  5622 | D:8      | 5622 ||| Stepping ~*~*~tactically~*~*~ (hiding).
  5733 | D:8      | Found a blossoming altar of Fedhas.
  5734 | D:8      | 5734 ||| Stepping ~*~*~tactically~*~*~ (stealth).
  5742 | D:8      | Found a stormy altar of Qazlal.
  5757 | D:8      | 5757 ||| FLEEEEING.
  5758 | D:8      | 5758 ||| FLEEEEING.
  5758 | D:8      | Noticed Pikel
  5759 | D:8      | Noticed a two-headed ogre
  5761 | D:8      | 5761 ||| FLEEEEING.
  5762 | D:8      | 5762 ||| FLEEEEING.
  5763 | D:8      | 5763 ||| FLEEEEING.
  5764 | D:8      | 5764 ||| FLEEEEING.
  5765 | D:8      | 5765 ||| FLEEEEING.
  5766 | D:8      | 5766 ||| FLEEEEING.
  5770 | D:8      | 5770 ||| STAIRDANCE
  5836 | D:8      | 5836 ||| STAIRDANCE
  5838 | D:7      | HP: 13/55 [two-headed ogre/+0 giant club (25)]
  5839 | D:7      | 5839 ||| READING 3 scrolls of teleportation.
  5840 | D:7      | Slain by a two-headed ogre

Levels and vault maps discovered:
D:1:      shiori_shiawase, layout_basic, chequers_serial_rivers_small_b
D:2:      layout_basic, serial_shops, nicolae_shop_window_shopping,
          chequers_mini_garden, minmay_statues_item, st_stairs_12,
          serial_bayou_crossing
D:3:      layout_basic, serial_shops, nicolae_shop_rolling_square
D:4:      layout_basic
D:5:      layout_basic, lightli_temple_of_fire, serial_shops, shop,
          nicolae_shop_dealshenge, kennysheep_mini, minmay_manual_mandibuliform
D:6:      layout_basic, lemuel_tele_altar, mainiacjoe_overflow_catwalk_spiral
D:7:      layout_basic, minmay_temple_entry_offerings, serial_glass,
          glass_columns_a, glass_columns_a, nicolae_figureground_pulse
D:8:      layout_cave_pools, grunt_temple_overflow_forces_of_nature,
          david_lair_generic, serial_column_ruins, column_ruins_temple_hall,
          column_ruins_columns_corner, column_ruins_corridor_water,
          column_ruins_open_large, column_ruins_open_tiny,
          column_ruins_open_small, column_ruins_open_tiny, minmay_between,
          uniq_pikel, uniq_amaemon
Temple:   nicolae_temple_x_marks_the_god

Skill      XL: |  1  2  3  4  5  6  7  8 |
---------------+-------------------------+-----
Axes           | 2 3 4 5 7 8 |  8.7
Fighting       | 4 6 |  6.1
Dodging        | 1 |  1.6
Armour         | 4 5 |  5.2
Shields        | |  3.2

Action                     |  1- 3 |  4- 6 |  7- 9 || total
---------------------------+-------+-------+-------++-------
  Melee: War axe           |    77 |   177 |    95 ||   349
    Use: Scroll            |     4 |     5 |     7 ||    16
         Potion            |       |     2 |       ||     2
 Armour: Scale mail        |    46 |    68 |       ||   114
         Plate armour      |       |       |    58 ||    58
  Dodge: Dodged            |    48 |    64 |    27 ||   139
  Block: Buckler           |    18 |    46 |     9 ||    73

Table legend:
 A = Non-vault XP
 B = Vault XP
 C = Vault XP percentage of total XP
 D = Non-vault monster count
 E = Vault monster count
 F = Vault count percentage of total count
                 A         B        C        D         E       F
            +---------+---------+-------+---------+---------+-------
      Total |    2221 |     290 |  11.5 |     119 |       4 |   3.3
            +---------+---------+-------+---------+---------+-------
        D:1 |      19 |       0 |   0.0 |      12 |       0 |   0.0
        D:2 |     129 |       2 |   1.5 |      27 |       1 |   3.6
        D:3 |      67 |       0 |   0.0 |      21 |       0 |   0.0
        D:4 |      22 |       0 |   0.0 |      11 |       0 |   0.0
        D:5 |     723 |     288 |  28.5 |      23 |       3 |  11.5
        D:6 |     315 |       0 |   0.0 |       4 |       0 |   0.0
        D:7 |     836 |       0 |   0.0 |      18 |       0 |   0.0
        D:8 |     110 |       0 |   0.0 |       3 |       0 |   0.0
            +---------+---------+-------+---------+---------+-------
